AoeStats
← Araco

Arena

508002911Analyzed
2v2 RM · 12d ago on Sep 20, 2026· 22m 27s· 4 players
Game mode
Random Map
Map size
Medium (4 player)
Population
200
Speed
Normal
Resources
Standard
Victory
Conquest
Starting age
Dark Age
Ending age
Imperial Age
RankedLock teamsTeams togetherTeam positionsShared explorationLock speedFull tech treeHidden civsTurbo modeCheats
Victory
Defeat
🇨🇭 Turks · Switzerland
1287
+16
🇨🇭 Wei · Switzerland
1286
+16
🇪🇸 Cumans · Spain
1297
-16
🇪🇸 Britons · Spain
1278
-16
Moonz
5:02 Loom
11:03 Feudal Age
16:00 Castle Age
15:01 Double-Bit Axe
15:50 Gold Mining
16:17 Horse Collar
20:17 Scale Barding Armor
21:36 Forging
F40
9:48 Feudal Age
12:07 Scale Barding Armor
12:41 Forging
13:18 Loom
17:25 Wheelbarrow
18:14 Bloodlines
19:01 Fletching
Araco
6:03 Loom
9:36 Feudal Age
10:09 Double-Bit Axe
Ares (Yi Nation)
6:47 Loom
9:51 Feudal Age
10:16 Double-Bit Axe
13:15 Fletching
13:57 Padded Archer Armor
23:32 Castle Age
21:16 Horse Collar
Connection lost

Rejoining the realm…

Still unreachable

The connection could not be restored.

Session expired

The server has moved on; the page needs a fresh start.